 Dungeon Crawl Stone Soup version 0.31-a0-145-g046c7d2549 (webtiles) character file.

Game seed: 1504571721763360306

441 Irreverend the Shooter (level 7, -9/55 HPs)
             Began as a Barachi Hunter on June 7, 2023.
             Mangled by a black bear (12 damage)
             ... on level 5 of the Dungeon.
             The game lasted 00:05:33 (3567 turns).

Irreverend the Shooter (Barachi Hunter)             Turns: 3567, Time: 00:05:34

Health: -9/55      AC:  4    Str: 12    XL:     7   Next: 2%
Magic:  7/7        EV: 13    Int: 10    God:
Gold:   212        SH:  0    Dex: 17    Spells: 6/6 levels left

rFire   . . .        a - +0 shortbow
rCold   . . .        (shield currently unavailable)
rNeg    . . .        c - +0 leather armour
rPois   .            (no helmet)
rElec   .            (no cloak)
rCorr   .            e - +0 pair of gloves
SInv    .            (no boots)
Will    .....        (no amulet)
Stlth   ++           (no ring)
HPRegen 0.29/turn    (no ring)
MPRegen 0.10/turn

%: no passive effects
@: unable to hop, slow
A: amphibious, slowness 1, strong legs 1, +LOS
a: Hop


You were on level 5 of the Dungeon.
You visited 1 branch of the dungeon, and saw 5 of its levels.

You collected 212 gold pieces.

Inventory:

Hand Weapons
 a - a +0 shortbow (weapon)
Missiles
 q - a throwing net
Armour
 c - a +0 leather armour (worn)
 e - a +0 pair of gloves (worn)
Wands
 p - a wand of flame (21)
Scrolls
 d - 2 scrolls of identify {unknown}
 f - a scroll of teleportation {unknown}
 h - 2 scrolls of silence {unknown}
 m - a scroll of enchant weapon {unknown}
 o - a scroll of noise {unknown}
Potions
 i - a potion of mutation {unknown}
 j - a potion of magic {unknown}
 k - a potion of degeneration {unknown}
 l - a potion of might {unknown}
 n - a potion of curing {unknown}
 r - a potion of brilliance {unknown}


   Skills:
 + Level 4.7 Fighting
 * Level 6.4 Ranged Weapons
 + Level 4.3 Dodging
 - Level 0.8 Stealth


You had 6 spell levels left.
You didn't know any spells.
Your spell library contained the following spells:

 Spells                   Type           Power      Damage    Failure   Level
 Freeze                   Ice            0%         1d3       43%         1
 Frozen Ramparts          Ice            0%         1d1       82%         3
 Hailstorm                Conj/Ice       0%         3d3       82%         3


Dungeon Overview and Level Annotations

Branches:
Dungeon (5/15)
 Temple: D:4-7

Altars:
Hepliaklqana
Yredelemnul

Annotations:
D:3 1 runed translucent door, Darkkill's ghost, amateur MiHu


Innate Abilities, Weirdness & Mutations

You are amphibious.
You cover ground slowly.
You can hop short distances.
You have an extended range of vision and can be seen from far away.


Message History

The black bear claws you. The black bear completely misses you.
You shoot an arrow.
The arrow completely misses the black bear.
The hound completely misses you. The black bear closely misses you.
The black bear claws you. x2
You shoot an arrow.
The arrow hits the black bear but does no damage.
The black bear is almost dead.
The hound bites you. The black bear misses you.
The black bear barely misses you. The black bear closely misses you.
The hound misses you. The black bear closely misses you. x2
The black bear claws you but does no damage.
You shoot an arrow.
The arrow hits the black bear but does no damage.
The black bear is almost dead.
The hound bites you but does no damage. The black bear bites you.
The black bear claws you.
The black bear claws you but does no damage.
The hound bites you but does no damage. The black bear bites you!
* * * LOW HITPOINT WARNING * * *
The black bear claws you but does no damage.
The black bear closely misses you.
You are too injured to fight recklessly!
You are too injured to fight recklessly!
You are too injured to fight recklessly!
Hop to where?
Press: ? - help, Dir - move target, p - black bear An orc comes into view.
It is wielding a +0 flail.
Found a runed dagger.
Boing!
The black bear rages.
The hound attacks as you move away! The hound bites you.
* * * LOW HITPOINT WARNING * * *
The hound bites you.
* * * LOW HITPOINT WARNING * * *
There is a stone staircase leading down here.
You can't go up here!
The hound bites you.
* * * LOW HITPOINT WARNING * * *
The black bear bites you!
You die...

####...#........# ....
#...#.......)###....
#...#...............
######...####............
#.........# #............
#.....#...# #............
#.....#...###.......o....
#.............hh#........
#..............@+........
##...............#........
#.<....#########+#........
#......###....... .....)..
#................ ........
###...#.......... ........
##)).#..........
#........[......
#...............


You could see a black bear (berserk) and a hound.

Vanquished Creatures
  A water moccasin (D:5)
  A phantom (D:4)
  2 iguanas (D:4)
  Natasha (thrice) (D:3)
  Robin (D:2)
  2 adders (D:4)
  An ufetubus (D:4)
  4 worms
  3 dart slugs
  11 orcs
  8 ball pythons
  4 endoplasms
  2 giant cockroaches (D:1)
  9 goblins (D:2)
  10 hobgoblins
  3 quokkas
  7 bats
  7 frilled lizards
  3 kobolds
  6 rats
88 creatures vanquished.

Notes
Turn   | Place    | Note
-------+----------+-------------------------------------------
     0 | D:1      | Irreverend the Barachi Hunter began the quest for the Orb.
     0 | D:1      | Reached XP level 1. HP: 17/17 MP: 1/1
   323 | D:1      | Reached XP level 2. HP: 23/23 MP: 2/2
   772 | D:2      | You fall into a shaft and drop 2 floors!
   799 | D:4      | Reached XP level 3. HP: 16/29 MP: 3/3
   943 | D:4      | Found a basalt altar of Yredelemnul.
  1245 | D:2      | Reached XP level 4. HP: 35/35 MP: 4/4
  1261 | D:2      | Noticed Robin
  1289 | D:2      | Killed Robin
  1296 | D:2      | Reached skill level 5 in Ranged Weapons
  2256 | D:3      | Reached XP level 5. HP: 41/41 MP: 5/5
  2265 | D:3      | Noticed Natasha
  2271 | D:3      | Killed Natasha
  2358 | D:3      | Found a hazy altar of Hepliaklqana.
  2394 | D:3      | Found a runed translucent door.
  2401 | D:3      | Noticed Darkkill's ghost (amateur MiHu)
  2521 | D:3      | Noticed Natasha
  2527 | D:3      | Killed Natasha
  2601 | D:3      | Noticed Natasha
  2607 | D:3      | Killed Natasha
  2928 | D:4      | Noticed a phantom
  2951 | D:4      | Killed a phantom
  2952 | D:4      | Reached XP level 6. HP: 40/48 MP: 6/6
  3041 | D:4      | Reached skill level 6 in Ranged Weapons
  3294 | D:5      | Entered Level 5 of the Dungeon
  3388 | D:5      | Noticed a water moccasin
  3399 | D:5      | Killed a water moccasin
  3421 | D:5      | Reached XP level 7. HP: 46/55 MP: 7/7
  3567 | D:5      | Mangled by a black bear

Illustrated notes

Levels and vault maps discovered:
D:1:      dpeg_arrival_three_same_balls, layout_loops_ring
D:2:      layout_basic, uniq_robin
D:3:      layout_loops_cross, pf_just_have_faith, ebering_ghost_reflecting_pool,
          minmay_between, uniq_natasha
D:4:      layout_basic, general_overflow_altar
D:5:      layout_basic, minmay_temple_entry_overgrown

Skill      XL: |  1  2  3  4  5  6 |
---------------+-------------------+-----
Fighting       | 3 4 |  4.7
Dodging        | 3 4 |  4.3
Ranged Weapons | 5 6 |  6.4
Stealth        | |  0.8

Action                     |  1- 3 |  4- 6 |  7- 9 || total
---------------------------+-------+-------+-------++-------
   Fire: Shortbow          |    89 |   167 |    24 ||   280
Ability: Hop               |     1 |     2 |     1 ||     4
    Use: Potion            |       |     2 |       ||     2
         Scroll            |       |     1 |       ||     1
 Armour: Leather armour    |    15 |    23 |    11 ||    49
  Dodge: Dodged            |    27 |    30 |    18 ||    75

Table legend: (Time is in decaauts)
 A = Elapsed time spent in this place.
 B = Non-inter-level travel time spent in this place.
 C = Inter-level travel time spent in this place.
 D = Time resting spent in this place.
 E = Time spent auto-exploring this place.
 F = Levels seen in this place.
 G = Mean time per level.
                   A        B        C        D        E       F      G
               +--------+--------+--------+--------+--------+-----+--------+
         Total |   4178 |   3782 |    396 |     54 |   3107 |   5 |  835.6 |
       Dungeon |   4178 |   3782 |    396 |     54 |   3107 |   5 |  835.6 |
               +--------+--------+--------+--------+--------+-----+--------+

Top non-repeatable levels by time:
     D:3: 1143 daAuts
     D:4: 957 daAuts
     D:2: 956 daAuts
     D:1: 861 daAuts
     D:5: 258 daAuts
